 Dungeon Crawl Stone Soup version 0.24-a0-500-g46574c2197 (webtiles) character file.

Game seed: 17399142551213541927

2868 KristoblXynda the Grappler (level 9, -3/79 HPs)
             Began as a Troll Skald on July 15, 2019.
             Was a Priest of Cheibriados.
             Slain by an orc warrior
             ... wielding a +4 long sword
              (12 damage)
             ... on level 7 of the Dungeon.
             The game lasted 00:10:03 (4980 turns).

KristoblXynda the Grappler (Troll Skald)            Turns: 4980, Time: 00:10:04

Health: -3/79      AC:  6    Str: 28    XL:     9   Next: 47%
Magic:  7/11       EV: 11    Int: 19    God:    Cheibriados [***...]
Gold:   524        SH:  0    Dex: 16    Spells: 2/10 levels left

rFire    . . .     SeeInvis .     - Unarmed
rCold    . . .     Gourm    +   (no shield)
rNeg     . . .     Faith    .   a - +0 robe
rPois    .         Spirit   .   (helmet restricted)
rElec    .         Reflect  .   (no cloak)
rCorr    .         Harm     .   (gloves unavailable)
MR       .....                  (boots unavailable)
Stlth    +.........             (no amulet)
HPRegen  1.63/turn              (no ring)
MPRegen  0.12/turn              (no ring)

@: infused, regenerating (expiring), very slow
A: large, unfitting armour, claws 3, fast metabolism 3, gourmand, regeneration
1, shaggy fur 1, tough skin 3
a: Bend Time, Temporal Distortion, Renounce Religion


You were on level 7 of the Dungeon.
You worshipped Cheibriados.
Cheibriados was most pleased with you.
You were completely stuffed.

You visited 2 branches of the dungeon, and saw 8 of its levels.

You collected 566 gold pieces.
You spent 42 gold pieces at shops.

Inventory:

Hand Weapons
 d - a +4 dire flail of draining
Armour
 a - a +0 robe (worn)
Jewellery
 p - an uncursed ring of fire
Wands
 k - a wand of digging (7)
 r - a wand of iceblast (6)
Scrolls
 b - 3 scrolls of fear
 f - a scroll of random uselessness {unknown}
 g - a scroll of magic mapping
 h - 2 scrolls of enchant armour {unknown}
 i - a scroll of identify
 m - 3 scrolls of remove curse
 o - a scroll of blinking {unknown}
 q - 6 scrolls of teleportation
 t - a scroll of immolation {unknown}
Potions
 e - a potion of magic
 j - 2 potions of curing
 l - 2 potions of resistance
 s - a potion of lignification
Comestibles
 c - 17 rations


   Skills:
 - Level 2.3 Fighting
 - Level 3.0 Dodging
 + Level 8.9 Unarmed Combat
 - Level 1.2 Spellcasting
 * Level 5.5 Charms
 + Level 4.8 Invocations


You had 2 spell levels left.
You knew the following spells:

 Your Spells              Type           Power        Failure   Level  Hunger
a - Infusion              Chrm           ###.         1%          1    ##.....
b - Regeneration          Chrm/Necr      ##........   17%         3    ####...
c - Petrify               Tmut/Erth      #.......     88%         4    #####..

Your spell library contained the following spells:

 Spells                   Type           Power        Failure   Level  Hunger
 Song of Slaying          Chrm           ###.....     2%          2    ###....
 Shroud of Golubria       Chrm/Tloc      ##....       9%          2    ###....
 Swiftness                Chrm/Air       ##......     9%          2    ###....
 Confusing Touch          Hex            #.....       19%         1    ##.....
 Shock                    Conj/Air       #...         19%         1    ##.....
 Spectral Weapon          Hex/Chrm       ##......     17%         3    ####...
 Confuse                  Hex            #.......     50%         3    ####...
 Gell's Gravitas          Tloc           #.........   50%         3    ####...
 Static Discharge         Conj/Air       #.......     50%         3    ####...
 Airstrike                Air            #.........   88%         4    #####..
 Lightning Bolt           Conj/Air       #.........   99%         5    ######.
 Metabolic Englaciation   Hex/Ice        #.........   99%         5    ######.
 Yara's Violent Unravell  Hex/Tmut       #.........   99%         5    ######.


Dungeon Overview and Level Annotations

Branches:
Dungeon (7/15)             Temple (1/1) D:4

Altars:
Ashenzari
Cheibriados
Gozag
Hepliaklqana
Nemelex Xobeh
Okawaru
Qazlal
Ru
Sif Muna
Trog
Uskayaw
Vehumet
Wu Jian
Xom
Zin
The Shining One

Shops:
D:6 ?


Innate Abilities, Weirdness & Mutations

You are too large for most types of armour.
You have claws for hands.
Your metabolism is lightning-fast.
You like to eat raw meat.
Your natural rate of healing is unusually fast.
You are covered in fur. (AC +1)
You have extremely tough skin. (AC +3)


Message History

Your skin is crawling a little less now.
The orc warrior hits you with a +4 long sword!
* * * LOW HITPOINT WARNING * * *
The orc warrior hits you with a +4 long sword!
* * * LOW HITPOINT WARNING * * *
Items here: )) [[ † a +0 dagger; a +0 robe; a +0 dagger; a +0 robe; an orc corpse You feel better.
You scratch the orc warrior but do no damage.
The orc warrior is moderately wounded.
The orc warrior hits you with a +4 long sword!
* * * LOW HITPOINT WARNING * * *
You feel better.
The orc warrior hits you with a +4 long sword!
* * * LOW HITPOINT WARNING * * *
Unknown command.
You claw the orc warrior!
The orc warrior is severely wounded.
The orc warrior hits you with a +4 long sword!
You die...

#...######...##..#######
#...######...##..########
#..>.....................
#...######.(.##.#########
#[..# #...##.# #...##
#...##.# ##....# #...##.#
......# ....##.# PP....#
#@# .P...## #o# .P....#
.s# .)..### #..# .P#...#
#..# .###### #..# ......#
...# ......# .8.. ......#


You could see an orc warrior and a scorpion.

Vanquished Creatures
  A hippogriff (D:7)
  Sigmund (D:4)
  Eustachio (D:6)
  Edmund (D:6)
  Menkaure (D:5)
  A hornet zombie (D:6)
  3 sky beasts
  3 ogres
  3 centaurs
  A big kobold (D:7)
  Blork the orc (D:5)
  A bullfrog (D:6)
  4 scorpions
  A howler monkey (D:4)
  4 crimson imps
  4 hounds
  An orc priest (D:7)
  A jelly (D:6)
  6 orc wizards
  A bullfrog skeleton (D:6)
  Ijyb (D:4)
  2 iguanas
  2 worker ants
  A killer bee zombie (D:5)
  2 hound zombies (D:5)
  6 adders
  4 gnolls (D:2)
  2 oozes
  2 worms (D:2)
  3 dart slugs
  3 leopard geckos
  15 orcs
  3 bats
  3 giant cockroaches
  6 goblins
  5 hobgoblins
  5 jackals
  10 kobolds
  3 quokkas
  A ball python (D:3)
  3 frilled lizards
  A leopard gecko skeleton (D:4)
  6 rats
  A fungus (D:7)
130 creatures vanquished.

Vanquished Creatures (others)
  4 toadstools (D:7)
4 creatures vanquished.

Grand Total: 134 creatures vanquished

Notes
Turn   | Place    | Note
-------+----------+-------------------------------------------
     0 | D:1      | KristoblXynda the Troll Skald began the quest for the Orb.
     0 | D:1      | Reached XP level 1. HP: 19/19 MP: 1/1
   250 | D:1      | Reached XP level 2. HP: 27/27 MP: 2/2
   752 | D:2      | Reached XP level 3. HP: 21/35 MP: 3/3
   778 | D:2      | Found a shimmering altar of Xom.
   954 | D:2      | Reached skill level 3 in Unarmed Combat
   997 | D:2      | Reached XP level 4. HP: 29/42 MP: 4/4
  1471 | D:3      | Reached XP level 5. HP: 40/49 MP: 5/5
  1648 | D:3      | Reached skill level 4 in Unarmed Combat
  1994 | D:4      | Noticed Ijyb
  2007 | D:4      | Killed Ijyb
  2051 | D:4      | Found a staircase to the Ecumenical Temple.
  2071 | D:4      | Noticed Sigmund
  2085 | Temple   | Entered the Ecumenical Temple
  2124 | Temple   | Became a worshipper of Cheibriados the Contemplative
  2150 | D:4      | Killed Sigmund
  2150 | D:4      | Reached XP level 6. HP: 27/57 MP: 3/6
  2258 | D:4      | Learned a level 3 spell: Regeneration
  2335 | D:4      | Reached skill level 5 in Unarmed Combat
  2387 | D:4      | Reached XP level 7. HP: 58/65 MP: 7/7
  2414 | D:4      | Found a sacrificial altar of Ru.
  2462 | D:4      | Found a glowing golden altar of the Shining One.
  2647 | D:5      | Entered Level 5 of the Dungeon
  2653 | D:5      | Reached skill level 1 in Invocations
  2670 | D:5      | Reached skill level 6 in Unarmed Combat
  2740 | D:5      | Learned a level 4 spell: Petrify
  2771 | D:5      | Reached * piety under Cheibriados
  2872 | D:5      | Reached XP level 8. HP: 70/72 MP: 8/8
  3191 | D:5      | Noticed Menkaure
  3196 | D:5      | Killed Menkaure
  3196 | D:5      | Reached skill level 7 in Unarmed Combat
  3209 | D:5      | Found a stormy altar of Qazlal.
  3277 | D:5      | Noticed an air elemental
  3295 | D:5      | Noticed Blork the orc
  3310 | D:5      | Killed Blork the orc
  3825 | D:6      | Reached skill level 8 in Unarmed Combat
  3840 | D:6      | Reached ** piety under Cheibriados
  4013 | D:6      | Noticed Eustachio
  4026 | D:6      | Killed Eustachio
  4031 | D:6      | Reached XP level 9. HP: 76/79 MP: 6/11
  4218 | D:6      | Noticed Edmund
  4230 | D:6      | Killed Edmund
  4230 | D:6      | Reached skill level 5 in Charms
  4480 | D:6      | Found Edeibb's Magic Scroll Boutique.
  4503 | D:6      | Bought a scroll of magic mapping for 42 gold pieces
  4711 | D:7      | Reached *** piety under Cheibriados
  4976 | D:7      | HP: 2/79 [orc warrior/+4 long sword (9)]
  4980 | D:7      | Slain by an orc warrior

Levels and vault maps discovered:
D:1:      minmay_arrival_arboretum_small, layout_loops_ring
D:2:      layout_loops_ring, eino_tiny_chamber, tgw_xom
D:3:      layout_basic, chequers_serial_rivers_micro_a
D:4:      layout_rooms, kennysheep_mini, nicolae_ru_awakened_eye,
          minmay_temple_entry_tees, first_ration, minmay_misc_feat_chi,
          kennysheep_generic_room_7, uniq_ijyb, uniq_sigmund
D:5:      layout_loops_cross, minmay_misc_feat_plants,
          nicolae_qazlal_style_of_elements, uniq_menkaure, uniq_blork_the_orc
D:6:      layout_loops_ring, serial_shops, shop_coins, uniq_eustachio,
          uniq_edmund
D:7:      layout_basic, kennysheep_ying_yang, marbit_many_paths, serial_shops,
          shop_statue, grunt_livestock, minmay_gold_behind_fungi
Temple:   nicolae_temple_great_sept

Skill      XL: |  1  2  3  4  5  6  7  8  9 |
---------------+----------------------------+-----
Dodging        | 2 3 |  3.0
Unarmed Combat | 3 4 5 6 8 |  8.9
Fighting       | 2 |  2.3
Charms         | 3 4 5 |  5.5
Invocations    | 2 4 |  4.8
Spellcasting   | |  1.2

Action                   |  1- 3 |  4- 6 |  7- 9 || total
-------------------------+-------+-------+-------++-------
Melee: Unarmed           |    85 |   133 |   240 ||   458
       Punch             |     2 |     4 |    21 ||    27
 Cast: Infusion          |       |     1 |     4 ||     5
       Regeneration      |       |       |     1 ||     1
Evoke: Wand              |       |       |     1 ||     1
  Use: Scroll            |       |     6 |     5 ||    11
       Potion            |       |       |     2 ||     2
  Eat: Chunk             |    13 |    15 |    16 ||    44
Armor: Robe              |    27 |    50 |   107 ||   184
Dodge: Dodged            |    38 |    47 |   129 ||   214

Table legend:
 A = Non-vault XP
 B = Vault XP
 C = Vault XP percentage of total XP
 D = Non-vault monster count
 E = Vault monster count
 F = Vault count percentage of total count
                 A         B        C        D         E       F
            +---------+---------+-------+---------+---------+-------
      Total |    3199 |     899 |  21.9 |     116 |      13 |  10.1
            +---------+---------+-------+---------+---------+-------
        D:1 |      27 |       0 |   0.0 |      13 |       0 |   0.0
        D:2 |     149 |      14 |   8.6 |      17 |       7 |  29.2
        D:3 |      46 |       0 |   0.0 |      16 |       0 |   0.0
        D:4 |     249 |     263 |  51.4 |       7 |       2 |  22.2
        D:5 |     964 |     260 |  21.2 |      26 |       2 |   7.1
        D:6 |    1026 |     362 |  26.1 |      24 |       2 |   7.7
        D:7 |     738 |       0 |   0.0 |      13 |       0 |   0.0
            +---------+---------+-------+---------+---------+-------
